 Dungeon Crawl Stone Soup version 0.31-a0-152-g6aa68a64a1 (webtiles) character file.

Game seed: 1867517275058808417

2564 qw the Cleaver (level 9, -5/57 HPs)
             Began as a Gargoyle Fighter on June 10, 2023.
             Was an Initiate of Okawaru.
             Splashed by a brown ugly thing's acid (10 damage)
             ... on level 7 of the Dungeon.
             The game lasted 00:03:17 (7221 turns).

qw the Cleaver (Gargoyle Fighter)                   Turns: 7221, Time: 00:03:17

Health: -5/57      AC: 13    Str: 21    XL:     9   Next: 57%
Magic:  8/9        EV:  8    Int: 10    God:    Okawaru [......]
Gold:   375        SH:  4    Dex:  9    Spells: 8/8 levels left

rFire   . . .        Y - +1 war axe (heavy)
rCold   . . .        c - +0 buckler
rNeg    + . .        o - +0 chain mail
rPois   inf          k - +0 helmet
rElec   +            a - +2 cloak of Ignis's Hope {Regen+}
rCorr   .            b - +0 pair of gloves
SInv    .            (no boots)
Will    .....        (no amulet) Stlth
                     (no ring)
HPRegen 1.09/turn    (no ring)
MPRegen 0.11/turn

%: no passive effects
@: corroded
A: sickness immunity, AC +6, negative energy resistance 1, electricity
resistance, torment resistance 1, petrification resistance, weak 1, wild magic 1
a: Renounce Religion


You were on level 7 of the Dungeon.
You worshipped Okawaru.
Okawaru was noncommittal.
You visited 2 branches of the dungeon, and saw 9 of its levels.

You collected 375 gold pieces.


Innate Abilities, Weirdness & Mutations

You are immune to sickness and miasma.
Your stone body is resilient. (AC +6)
You are immune to poison.
You resist negative energy. (rN+)
You are resistant to electric shocks. (rElec)
You are resistant to unholy torment.
You are immune to petrification.
You are weak. (Str -2)
Your spells are a little harder to cast, but a little more powerful.


   Skills:
 - Level 7.0 Fighting
 + Level 9.4 Axes
 - Level 2.0 Throwing
 - Level 5.0 Armour
 - Level 1.2 Dodging
 - Level 4.0 Shields


You had 8 spell levels left.
You didn't know any spells.
Your spell library was empty.

Inventory:

Hand Weapons
 m - a +4 morningstar
 Y - a +1 heavy war axe (weapon)
Missiles
 p - 8 boomerangs
 w - 2 silver boomerangs
Armour
 a - the +2 cloak of Ignis's Hope (worn) {Regen+}
   (You acquired it on level 1 of the Dungeon)

   Regen:     It increases your rate of health regeneration.
 b - a +0 pair of gloves (worn)
 c - a +0 buckler (worn)
 k - a +0 helmet (worn)
 o - a +0 chain mail (worn)
Jewellery
 r - an amulet of guardian spirit
Wands
 x - a wand of digging (5)
Scrolls
 j - a scroll of identify
Potions
 d - 2 potions of might
 e - a potion of haste
 f - a potion of cancellation
 g - 2 potions of curing
 h - a potion of magic
 i - a potion of lignification
 l - 2 potions of attraction
 n - a potion of mutation
 q - a potion of resistance
 u - a potion of degeneration {unknown}

Dungeon Overview and Level Annotations

Branches:
Dungeon (8/15)             Temple (1/1) D:6
   Lair: D:8-11

Altars:
Ashenzari
Cheibriados
Dithmenos
Elyvilon
Fedhas
Gozag
Hepliaklqana
Kikubaaqudgha
Makhleb
Okawaru
Qazlal
Sif Muna
Trog
Vehumet
Wu Jian
Xom
Yredelemnul
Zin
The Shining One

Shops:
D:4 ::[   D:7 (

Annotations:
D:5 1 runed translucent door, Crazy Yiuf


Message History

The brown ugly thing claws you. The acid corrodes you!
You are splashed with acid!
You barely miss the brown ugly thing.
The brown ugly thing is heavily wounded.
You hit the bush but do no damage. The brown ugly thing claws you!
You are splashed with acid.
You slice the brown ugly thing!!
The brown ugly thing is severely wounded.
You slash the bush!
The brown ugly thing claws you but does no damage.
You slash the brown ugly thing!
The brown ugly thing is almost dead.
You hit the bush but do no damage.
The brown ugly thing claws you but does no damage.
You hit the brown ugly thing.
The brown ugly thing is almost dead.
You slice the bush!!
The brown ugly thing claws you but does no damage.
A phantom comes into view.
The brown ugly thing barely misses you.
You barely miss the brown ugly thing.
The brown ugly thing is almost dead.
You hit the bush. The brown ugly thing claws you.
You are splashed with acid!
You completely miss the brown ugly thing.
The brown ugly thing is almost dead.
You hit the bush.
You feel like a meek peon again.
The brown ugly thing closely misses you.
You closely miss the brown ugly thing.
The brown ugly thing is almost dead.
You slash the bush!
The brown ugly thing claws you but does no damage.
You closely miss the brown ugly thing.
The brown ugly thing is almost dead.
You hit the bush but do no damage. The brown ugly thing claws you!
The acid corrodes you!
You are splashed with acid!
The brown ugly thing claws you. The acid corrodes you!
You are splashed with acid!
You die...

######## #......#
#......# #......#
###########......######
......................#
#####################.#
# ....Wyu....#.#
.....B#@..P#.# .....
#P...#.# .... #...P#.#
... #P...#.# .s
#...P#.# D #P...#.# #
#...P#.# # #P...#.# #
####'#.###########


You could see a brown ugly thing, a vampire mosquito and a phantom.

Vanquished Creatures
  Prince Ribbit (D:5)
  Sigmund (D:5)
  Edmund (D:4)
  An acid dragon (D:7)
  A water moccasin (D:7)
  An orc warrior (D:6)
  An ice beast (D:6)
  2 black bears
  2 ogres
  2 bullfrogs
  3 scorpions
  3 wights (D:4)
  3 jellies
  A howler monkey (D:6)
  2 hounds
  3 orc priests (D:6)
  A gnoll bouda (D:7)
  A sleepcap (D:7)
  5 iguanas
  3 orc wizards
  Robin (D:3)
  7 adders
  8 gnolls
  2 shadow imps (D:7)
  A white imp (D:6)
  3 worms (D:2)
  9 dart slugs
  21 orcs
  7 endoplasms
  2 giant cockroaches
  20 goblins
  12 hobgoblins
  3 jackals (D:5)
  7 kobolds
  2 quokkas
  4 ball pythons
  4 bats
  4 frilled lizards
  A rat (D:3)
156 creatures vanquished.

Notes
Turn   | Place    | Note
-------+----------+-------------------------------------------
     0 | D:1      | qw the Gargoyle Fighter began the quest for the Orb.
     0 | D:1      | Reached XP level 1. HP: 14/14 MP: 1/1
     0 | D:1      | 0 ||| qw: Version: 0.2-a-29-g767f381
     0 | D:1      | 0 ||| qw: Game counter: 3919
     0 | D:1      | 0 ||| qw: Always use a shield: true
     0 | D:1      | 0 ||| qw: God list: Okawaru
     0 | D:1      | 0 ||| qw: Allow faded altars: false
     0 | D:1      | 0 ||| qw: Do Orc after D:15 true
     0 | D:1      | 0 ||| qw: Do second Lair branch before Depths: true
     0 | D:1      | 0 ||| qw: Lair rune preference: random
     0 | D:1      | 0 ||| qw: Plans: Normal, Zot:1-4, Slime:5, God:TSO, Crypt,
                  | Tomb, Abyss, Pan, Hells, Win
     0 | D:1      | 0 ||| PLANNING D:1-11
   219 | D:1      | Reached skill level 2 in Axes
   269 | D:1      | 269 ||| Stepping ~*~*~tactically~*~*~ (stealth).
   281 | D:1      | Reached XP level 2. HP: 8/19 MP: 2/2
   364 | D:1      | 364 ||| Stepping ~*~*~tactically~*~*~ (hiding).
   604 | D:1      | Reached skill level 3 in Axes
   666 | D:1      | Reached XP level 3. HP: 23/23 MP: 3/3
  1193 | D:1      | 1193 ||| READING scroll labelled FUC PO KUUCWI.
  1193 | D:1      | Identified a scroll of acquirement
  1193 | D:1      | 1193 ||| ACQUIRING +2 cloak of Ignis's Hope {Regen+}
  1193 | D:1      | Acquired the +2 cloak of Ignis's Hope {Regen+}
  1195 | D:1      | 1195 ||| UPGRADING to +2 cloak of Ignis's Hope {Regen+}.
  1200 | D:1      | 1200 ||| READING scroll labelled OCWEOGG ZUCWICH.
  1201 | D:1      | 1201 ||| READING 2 scrolls labelled FAIDWO NITIOCW.
  1302 | D:1      | 1302 ||| READING scroll labelled WAKUYL PABULO.
  1307 | D:1      | 1307 ||| DRINKING 3 metallic brown potions.
  1308 | D:1      | 1308 ||| DROPPING scroll of silence.
  1453 | D:2      | 1453 ||| Stepping ~*~*~tactically~*~*~ (hiding).
  1870 | D:2      | Reached XP level 4. HP: 20/28 MP: 4/4
  1911 | D:2      | 1911 ||| Stepping ~*~*~tactically~*~*~ (hiding).
  1913 | D:2      | 1913 ||| Stepping ~*~*~tactically~*~*~ (hiding).
  2030 | D:2      | 2030 ||| Stepping ~*~*~tactically~*~*~ (hiding).
  2484 | D:2      | 2484 ||| READING scroll labelled APLOPR GORCH.
  2489 | D:2      | 2489 ||| READING 4 scrolls labelled USTANY CYPPUA.
  2490 | D:2      | 2490 ||| READING scroll labelled HOPRALYEHAH.
  2491 | D:2      | 2491 ||| DRINKING 2 viscous grey potions.
  2492 | D:2      | 2492 ||| READING 3 scrolls of identify.
  2492 | D:2      | 2492 ||| IDENTIFYING murky blue potion
  2493 | D:2      | 2493 ||| READING 2 scrolls of identify.
  2493 | D:2      | 2493 ||| IDENTIFYING glowing green potion
  2557 | D:3      | Reached skill level 4 in Axes
  2918 | D:3      | Found a shimmering altar of Xom.
  2919 | D:3      | Found a hazy altar of Hepliaklqana.
  2920 | D:3      | Noticed a spectral ugly thing
  3018 | D:3      | 3018 ||| Stepping ~*~*~tactically~*~*~ (stealth).
  3019 | D:3      | 3019 ||| Stepping ~*~*~tactically~*~*~ (stealth).
  3193 | D:3      | Found a basalt altar of Yredelemnul.
  3195 | D:3      | Noticed a profane servitor
  3215 | D:3      | Found a glowing golden altar of the Shining One.
  3217 | D:3      | Noticed an angel
  3288 | D:3      | Noticed Robin
  3289 | D:3      | 3289 ||| Stepping ~*~*~tactically~*~*~ (hiding).
  3291 | D:3      | 3291 ||| Stepping ~*~*~tactically~*~*~ (hiding).
  3292 | D:3      | 3292 ||| Stepping ~*~*~tactically~*~*~ (hiding).
  3297 | D:3      | Killed Robin
  3298 | D:3      | Reached XP level 5. HP: 32/32 MP: 5/5
  3354 | D:3      | 3354 ||| UPGRADING to +0 helmet.
  3391 | D:4      | 3391 ||| DROPPING +0 club.
  3481 | D:4      | 3481 ||| Stepping ~*~*~tactically~*~*~ (stealth).
  3573 | D:4      | Reached skill level 5 in Axes
  3593 | D:4      | Reached XP level 6. HP: 35/39 MP: 6/6
  3598 | D:4      | Reached skill level 1 in Dodging
  3605 | D:4      | 3605 ||| FLEEEEING.
  3606 | D:4      | 3606 ||| FLEEEEING.
  3618 | D:4      | 3618 ||| DROPPING +0 whip.
  3619 | D:4      | 3619 ||| DROPPING +0 mace.
  3620 | D:4      | Found Kis Zun's Book Shop.
  3622 | D:4      | 3622 ||| DROPPING +1 flail of venom.
  3674 | D:4      | 3674 ||| Stepping ~*~*~tactically~*~*~ (stealth).
  3676 | D:4      | 3676 ||| Stepping ~*~*~tactically~*~*~ (hiding).
  3784 | D:4      | Found Arghe's Book Boutique.
  3946 | D:4      | Reached skill level 6 in Axes
  3946 | D:4      | Reached XP level 7. HP: 30/44 MP: 7/7
  3982 | D:4      | Found Ceneh's Armour Emporium.
  3990 | D:4      | 3990 ||| SHOPLISTING +11 chain mail of the Amoeba {*Slow
                  | +Inv Dex+5} (940 gold, have 179).
  4092 | D:4      | Noticed Edmund
  4093 | D:4      | 4093 ||| Stepping ~*~*~tactically~*~*~ (stealth).
  4104 | D:4      | Killed Edmund
  4290 | D:4      | 4290 ||| Stepping ~*~*~tactically~*~*~ (hiding).
  4423 | D:4      | 4423 ||| UPGRADING to +0 chain mail.
  4433 | D:4      | 4433 ||| DROPPING +0 scale mail.
  4434 | D:4      | 4434 ||| UPGRADING to amulet of guardian spirit.
  4439 | D:4      | 4439 ||| READING scroll labelled UFFAIBL BU RAQ.
  4440 | D:4      | 4440 ||| DRINKING 2 yellow potions.
  4473 | D:4      | 4473 ||| READING 2 scrolls of identify.
  4473 | D:4      | 4473 ||| IDENTIFYING orange potion
  4497 | D:5      | Entered Level 5 of the Dungeon
  4497 | D:5      | Noticed Sigmund
  4505 | D:5      | Killed Sigmund
  4506 | D:5      | Reached skill level 7 in Axes
  4506 | D:5      | Reached XP level 8. HP: 47/48 MP: 6/8
  4688 | D:5      | Reached skill level 8 in Axes
  4733 | D:5      | Noticed Prince Ribbit
  4747 | D:5      | Killed Prince Ribbit
  4815 | D:5      | Found a runed translucent door.
  4816 | D:5      | Noticed Crazy Yiuf
  5012 | D:5      | 5012 ||| DROPPING ring of wizardry.
  5013 | D:5      | 5013 ||| READING 2 scrolls labelled MEQITTOBEU.
  5014 | D:5      | 5014 ||| READING scroll labelled BUONAF AGEOREUK.
  5015 | D:5      | 5015 ||| DRINKING 2 smoky yellow potions.
  5015 | D:5      | Gained mutation: Your spells are a little harder to cast,
                  | but a little more powerful. [potion of mutation]
  5015 | D:5      | Gained mutation: You are weak. (Str -2) [potion of
                  | mutation]
  5016 | D:5      | 5016 ||| DROPPING scroll of blinking.
  5128 | D:5      | Found a glowing silver altar of Zin.
  5128 | D:5      | Found an opulent altar of Gozag.
  5161 | D:5      | 5161 ||| Stepping ~*~*~tactically~*~*~ (hiding).
  5317 | D:6      | Reached skill level 6 in Fighting
  5393 | D:6      | Reached skill level 1 in Throwing
  5421 | D:6      | Found a staircase to the Ecumenical Temple.
  5422 | D:6      | 5422 ||| PLANNING TEMPLE
  5443 | D:6      | 5443 ||| Stepping ~*~*~tactically~*~*~ (hiding).
  5444 | D:6      | 5444 ||| Stepping ~*~*~tactically~*~*~ (hiding).
  5445 | D:6      | 5445 ||| Stepping ~*~*~tactically~*~*~ (hiding).
  5554 | D:6      | 5554 ||| UPGRADING to +0 pair of gloves.
  5567 | Temple   | Entered the Ecumenical Temple
  5577 | Temple   | 5577 ||| PLANNING OKAWARU WORSHIP
  5608 | Temple   | Became a worshipper of Warmaster Okawaru
  5608 | Temple   | 5608 ||| PLANNING D:1-11
  5609 | Temple   | 5609 ||| REMOVING amulet of guardian spirit.
  5776 | D:6      | 5776 ||| Stepping ~*~*~tactically~*~*~ (hiding).
  5784 | D:6      | 5784 ||| Stepping ~*~*~tactically~*~*~ (hiding).
  5801 | D:6      | HP: 4/51 [orc warrior/+0 scimitar (13)]
  5802 | D:6      | 5802 ||| READING scroll of teleportation.
  5804 | D:6      | Reached XP level 9. HP: 5/55 MP: 9/9
  5876 | D:6      | 5876 ||| Stepping ~*~*~tactically~*~*~ (hiding).
  5909 | D:6      | 5909 ||| Stepping ~*~*~tactically~*~*~ (hiding).
  6125 | D:6      | Identified the +5 long sword of Cheibriados's Pride {flame,
                  | rC+ rN+}
  6159 | D:6      | Reached skill level 9 in Axes
  6162 | D:6      | 6162 ||| Stepping ~*~*~tactically~*~*~ (stealth).
  6178 | D:6      | 6178 ||| SWAPPING to +1 heavy war axe.
  6179 | D:6      | 6179 ||| DROPPING +1 war axe.
  6298 | D:6      | 6298 ||| DRINKING 2 smoky cyan potions.
  6318 | D:7      | 6318 ||| Stepping ~*~*~tactically~*~*~ (hiding).
  6455 | D:7      | Found Qesuprac's Weapon Shoppe.
  6461 | D:7      | Identified the +1 robe of Yredelemnul's Pride {rC+}
  6527 | D:7      | 6527 ||| Stepping ~*~*~tactically~*~*~ (stealth).
  6529 | D:7      | 6529 ||| Stepping ~*~*~tactically~*~*~ (hiding).
  6530 | D:7      | 6530 ||| Stepping ~*~*~tactically~*~*~ (hiding).
  6532 | D:7      | 6532 ||| Stepping ~*~*~tactically~*~*~ (hiding).
  6660 | D:7      | 6660 ||| Stepping ~*~*~tactically~*~*~ (stealth).
  6661 | D:7      | 6661 ||| Stepping ~*~*~tactically~*~*~ (stealth).
  7069 | D:7      | 7069 ||| READING scroll labelled ICVEAGR GASHRA.
  7070 | D:7      | 7070 ||| READING scroll labelled VASTYINOAGU.
  7199 | D:7      | 7199 ||| Stepping ~*~*~tactically~*~*~ (hiding).
  7207 | D:7      | Noticed a brown ugly thing
  7208 | D:7      | Noticed a cyclops
  7208 | D:7      | Noticed a boulder beetle
  7209 | D:7      | Reached * piety under Okawaru
  7211 | D:7      | 7211 ||| INVOKING Heroism.
  7221 | D:7      | HP: 9/57 [acid (10)]
  7221 | D:7      | Splashed by a brown ugly thing's acid

Levels and vault maps discovered:
D:1:      dpeg_arrival_arbitrary_b, layout_basic
D:2:      layout_loops_corners
D:3:      layout_basic, regret_index_temple_of_mockery,
          grunt_temple_overflow_holy_war, uniq_robin
D:4:      layout_basic, serial_shops, nicolae_shop_advertising_works
          [nicolae_subvault_shop_adworks], nicolae_shop_pleasant_corner_grove,
          nicolae_shop_hallway_plus, uniq_edmund
D:5:      layout_rooms, grunt_temple_overflow_gold_and_silver,
          hangedman_glass_teeth, nrook_mini_vaults, uniq_crazy_yiuf_cottage,
          uniq_sigmund, uniq_prince_ribbit1
D:6:      layout_loops_ring, minmay_temple_entry_stoned_glass
D:7:      minmay_klotski, layout_basic, serial_shops,
          nicolae_shop_bloodbath_and_beyond
D:8:      layout_basic
Temple:   nicolae_temple_ecumenical_triangle

Skill      XL: |  1  2  3  4  5  6  7  8  9 |
---------------+----------------------------+-----
Axes           | 2 3 4 5 6 7 8 9 |  9.4
Fighting       | 4 6 7 |  7.0
Dodging        | 1 |  1.2
Armour         | 4 5 |  5.0
Throwing       | 1 2 |  2.0
Shields        | 4 |  4.0

Action                     |  1- 3 |  4- 6 |  7- 9 || total
---------------------------+-------+-------+-------++-------
  Melee: War axe           |    97 |   150 |   249 ||   496
 Invoke: Heroism           |       |       |     1 ||     1
    Use: Scroll            |     4 |     5 |     7 ||    16
         Potion            |     1 |     1 |     3 ||     5
 Armour: Scale mail        |    45 |    95 |    23 ||   163
         Chain mail        |       |       |   116 ||   116
  Dodge: Dodged            |    35 |    57 |    69 ||   161
  Block: Buckler           |     6 |    33 |    40 ||    79

Table legend:
 A = Non-vault XP
 B = Vault XP
 C = Vault XP percentage of total XP
 D = Non-vault monster count
 E = Vault monster count
 F = Vault count percentage of total count
                 A         B        C        D         E       F
            +---------+---------+-------+---------+---------+-------
      Total |    2795 |     868 |  23.7 |     141 |      15 |   9.6
            +---------+---------+-------+---------+---------+-------
        D:1 |      40 |       0 |   0.0 |      19 |       0 |   0.0
        D:2 |      58 |       0 |   0.0 |      19 |       0 |   0.0
        D:3 |      50 |      33 |  39.8 |      15 |      11 |  42.3
        D:4 |     603 |     169 |  21.9 |      35 |       1 |   2.8
        D:5 |     456 |     515 |  53.0 |      12 |       2 |  14.3
        D:6 |     851 |       0 |   0.0 |      20 |       0 |   0.0
        D:7 |     640 |     151 |  19.1 |      17 |       1 |   5.6
        D:8 |      97 |       0 |   0.0 |       4 |       0 |   0.0
            +---------+---------+-------+---------+---------+-------
